 Dungeon Crawl Stone Soup version 0.28-a0-313-gbc0475efdd (webtiles) character file.

Game seed: 4641600279893991615

1496 porpoise the Skirmisher (level 9, -3/72 HPs)
             Began as a Formicid Abyssal Knight on Aug 31, 2021.
             Was a Priest of Lugonu.
             Blown up by Maurice (32 damage)
             ... with a mindburst bolt
             ... on level 9 of the Dungeon on Sept 1, 2021.
             The game lasted 00:17:50 (5832 turns).

porpoise the Skirmisher (Formicid Abyssal Knight)   Turns: 5832, Time: 00:17:51

Health: -3/72      AC:  2    Str: 17    XL:     9   Next: 8%
Magic:  12/12      EV: 12    Int: 13    God:    Lugonu [***...]
Gold:   235        SH:  0    Dex: 12    Spells: 8/8 levels left

rFire   . . .      SeeInvis +   a - +1 spear (vorpal)
rCold   . . .      Faith    .   (no shield)
rNeg    . . .      Spirit   .   c - +1 ring mail
rPois   .          Reflect  .   (helmet unavailable)
rElec   .          Harm     .   i - +2 cloak
rCorr   .          Rampage  .   (no gloves)
Will    .....                   (no boots)
Stlth   +.........              (no amulet)
HPRegen 0.22/turn               (no ring)
MPRegen 0.13/turn               (no ring)

@: corroded, flying
A: permanent stasis, dig shafts and tunnels, antennae 3, four strong arms
a: Dig, Shaft Self, Renounce Religion, Depart the Abyss, Bend Space, Banish


You were on level 9 of the Dungeon.
You worshipped Lugonu.
Lugonu was most pleased with you.
You visited 1 branch of the dungeon, and saw 7 of its levels.
You visited the Abyss 1 time.

You collected 275 gold pieces.
You spent 40 gold pieces at shops.

Inventory:

Hand Weapons
 a - a +1 vorpal spear (weapon)
 b - a +1 hunting sling of venom
Missiles
 f - 112 stones
 l - 2 atropa-tipped darts
 q - 10 poisoned darts
 w - 2 boomerangs
Armour
 c - a +1 ring mail (worn)
 i - a +2 cloak (worn)
Wands
 k - a wand of flame (5)
 n - a wand of mindburst (16)
 v - a wand of digging (4)
Scrolls
 d - a scroll of brand weapon
 h - a scroll of identify
 j - a scroll of fog
 r - 3 scrolls of enchant weapon
 s - a scroll of teleportation {unknown}
 t - a scroll of magic mapping
 u - a scroll of acquirement {unknown}
 y - a scroll of fear {unknown}
Potions
 e - 2 potions of mutation
 g - 2 potions of heal wounds
 m - a potion of attraction
 p - 3 potions of curing


   Skills:
 - Level 7.0 Fighting
 - Level 4.0 Polearms
 - Level 5.0 Armour
 + Level 4.9 Dodging
 - Level 5.0 Invocations
 + Level 2.9 Evocations


You had 8 spell levels left.
You didn't know any spells.
Your spell library contained the following spells:

 Spells                   Type           Power      Damage    Failure   Level
 Foxfire                  Conj/Fire      0%         2x1d4     47%         1
 Slow                     Hex            0%         N/A       63%         2
 Confusing Touch          Hex            0%         N/A       85%         3
 Conjure Flame            Conj/Fire      0%         6-21      85%         3
 Inner Flame              Hex/Fire       0%         N/A       85%         3
 Yara's Violent Unravell  Hex/Tmut       0%         3d3       100%        5


Dungeon Overview and Level Annotations

Branches:
Dungeon (6/15)             Temple (0/1) D:4

Altars:
Elyvilon
Hepliaklqana
Okawaru
Yredelemnul
The Shining One

Shops:
D:2 ?

Annotations:
D:3 Sigmund
D:5 2 transporters, practice's ghost, weakling GrCK
D:9 Maurice


Innate Abilities, Weirdness & Mutations

You cannot be hasted, slowed, berserked, paralysed or teleported.
You can dig through walls and to a lower floor.
You have a pair of large antennae on your head. (SInv)
Your four strong arms can wield two-handed weapons with a shield.


Message History

You open the door.
A black bear and an acid dragon come into view.
The black bear growls angrily.
Found a scroll of identify.
It was a potion of flight.
You feel very buoyant.
You fly up into the air.
Your +1 hunting sling of venom stops dripping with poison.
a - a +1 vorpal spear (weapon)
The acid dragon bites you but does no damage.
The acid dragon claws you but does no damage.
You hit the acid dragon but do no damage.
The acid dragon spits acid at you. The splash of acid hits you!!
The acid corrodes you!
You barely miss the acid dragon. The acid dragon barely misses you.
The acid dragon claws you but does no damage.
You completely miss the acid dragon. The acid dragon bites you.
The acid dragon barely misses you.
You hit the acid dragon but do no damage.
As you read the scroll labelled QAROLY POETIEH, it crumbles to dust.
You feel aware of your surroundings.
You sensed 1 shop/portal.
It was a scroll of magic mapping.
The acid dragon bites you! The acid dragon closely misses you.
Unknown command.
Are you sure you want to shaft yourself?
The acid dragon barely misses you.
The acid dragon claws you but does no damage.
You begin to dig a shaft.
You continue digging a shaft.
The acid dragon spits acid at you. The splash of acid hits you!
The acid corrodes you! A shaft appears beneath you!
You are sucked into a shaft and drop 3 floors!
The shaft crumbles and collapses.
As you read the scroll labelled GINGAK DALA, it crumbles to dust.
It is a scroll of enchant armour.
Your +0 ring mail glows green for a moment.
Okay, then.
As you open the door, it creaks loudly!
Maurice zaps a wand.
Your mind is blasted!
You die...

....### .#
.......#.#
.......#.#
.......#.#
.......#.#
.......#.#
.......#.#
.......@.#
.......#.#
.......#.######.
.......#........
########@.......
...@............
................
................
................


You could see Maurice.

Vanquished Creatures
  Eustachio (D:5)
  A water moccasin (D:5)
  3 ogres (D:5)
  A necrophage (D:6)
  2 bullfrogs
  2 water moccasin zombies (D:5)
  2 scorpions
  A centaur zombie (D:5)
  3 hounds
  A bullfrog zombie (D:5)
  A bullfrog skeleton (D:4)
  Jessica (D:2)
  Natasha (thrice) (D:2)
  An iguana (D:4)
  An orc wizard (D:3)
  Robin (D:4)
  7 gnolls (D:4)
  5 adders
  A white imp (D:6)
  2 adder skeletons (D:4)
  6 dart slugs
  3 orcs
  9 ball pythons
  2 bats (D:1)
  6 endoplasms
  2 giant cockroaches
  12 goblins
  12 hobgoblins
  2 quokkas (D:4)
  A frilled lizard (D:2)
  5 kobolds
  8 rats
108 creatures vanquished.

Notes
Turn   | Place    | Note
-------+----------+-------------------------------------------
     0 | Abyss:1  | porpoise the Formicid Abyssal Knight began the quest for
                  | the Orb.
     0 | Abyss:1  | Reached XP level 1. HP: 18/18 MP: 2/2
    30 | D:1      | Escaped the Abyss
   278 | D:1      | Reached XP level 2. HP: 23/24 MP: 3/3
   366 | D:1      | Found a faded altar of an unknown god.
   585 | D:2      | Reached ** piety under Lugonu
   601 | D:2      | Reached XP level 3. HP: 30/30 MP: 4/4
   678 | D:2      | Reached skill level 4 in Fighting
   802 | D:2      | Noticed Natasha
   823 | D:2      | Killed Natasha
   824 | D:2      | Reached XP level 4. HP: 5/37 MP: 5/5
  1224 | D:2      | Noticed Natasha
  1232 | D:2      | Killed Natasha
  1297 | D:2      | Noticed Jessica
  1340 | D:2      | Killed Jessica
  1341 | D:2      | Reached XP level 5. HP: 43/43 MP: 6/6
  1534 | D:2      | Found Jom Ezot's Magic Scroll Shop.
  1540 | D:2      | Bought a scroll of identify for 20 gold pieces
  1540 | D:2      | Bought a scroll of fog for 20 gold pieces
  1548 | D:2      | Noticed Natasha
  1561 | D:2      | Killed Natasha
  1562 | D:2      | Reached skill level 5 in Fighting
  1950 | D:3      | Noticed Sigmund
  1970 | D:2      | Reached XP level 6. HP: 40/51 MP: 7/7
  2440 | D:4      | Reached skill level 6 in Fighting
  2517 | D:4      | Found a white marble altar of Elyvilon.
  2635 | D:4      | Found a staircase to the Ecumenical Temple.
  2718 | D:4      | Noticed Robin
  2736 | D:4      | Reached *** piety under Lugonu
  2807 | D:4      | Killed Robin
  2958 | D:4      | Reached XP level 7. HP: 42/53 MP: 8/8
  3161 | D:4      | Found a basalt altar of Yredelemnul.
  3862 | D:5      | Entered Level 5 of the Dungeon
  4069 | D:5      | Found a transporter.
  4080 | D:5      | Found a transporter.
  4081 | D:5      | Noticed practice's ghost (weakling GrCK)
  4086 | D:5      | Identified the +5 great mace "Heotrasa" {vorpal, Will-
                  | Int+4 Dex+2}
  4146 | D:5      | Found an iron altar of Okawaru.
  4154 | D:5      | Reached skill level 7 in Fighting
  4154 | D:5      | Reached skill level 5 in Armour
  4154 | D:5      | Reached skill level 1 in Dodging
  4237 | D:5      | Reached XP level 8. HP: 67/67 MP: 10/10
  4668 | D:5      | Found a hazy altar of Hepliaklqana.
  4697 | D:5      | Noticed Eustachio
  4732 | D:5      | HP: 3/67 [river rat[Eustachio] (3)]
  4734 | D:5      | Killed Eustachio
  4735 | D:5      | Reached skill level 5 in Invocations
  5122 | D:5      | Reached skill level 1 in Evocations
  5531 | D:6      | Found a glowing golden altar of the Shining One.
  5655 | D:6      | Reached XP level 9. HP: 72/72 MP: 12/12
  5824 | D:6      | You are sucked into a shaft and drop 3 floors!
  5824 | D:9      | Noticed Maurice
  5832 | D:9      | Blown up by Maurice

Illustrated notes

Levels and vault maps discovered:
D:1:      minmay_arrival_radiant_lines, layout_basic,
          dreamdust_ecumenical_altar_statues, minmay_misc_feat_nine_boxes
D:2:      layout_basic, serial_shops, shop_statue, uniq_jessica, uniq_natasha
D:3:      layout_loops_ring, nicolae_dithmenos_the_darkroom, uniq_grinder,
          uniq_sigmund
D:4:      layout_cave_pods, kennysheep_little_box, yredelemnul_altar_generic,
          minmay_temple_entry_butterflies, uniq_robin
D:5:      layout_rooms, lemuel_round_altar, nzn_hepliaklqana_mist_gate,
          gammafunk_ghost_smash, uniq_eustachio
D:6:      layout_gridville, general_overflow_altar, serial_shops, shop,
          uniq_maggie
D:9:      layout_irregular_city, kennysheep_orc_monster_closet_entryway,
          uniq_maurice, uniq_pikel

Skill      XL: |  1  2  3  4  5  6  7  8 |
---------------+-------------------------+-----
Fighting       | 4 5 6 7 |  7.0
Polearms       | 3 4 |  4.0
Armour         | 3 5 |  5.0
Dodging        | 2 4 |  4.9
Invocations    | 3 5 |  5.0
Evocations     | 2 |  2.9

Action                   |  1- 3 |  4- 6 |  7- 9 || total
-------------------------+-------+-------+-------++-------
Melee: Spear             |    98 |   128 |   127 ||   353
       Unarmed           |       |     2 |       ||     2
 Fire: Hunting sling     |       |    78 |   110 ||   188
 Abil: Dig               |       |     4 |     1 ||     5
       Shaft Self        |       |       |     1 ||     1
  Use: Potion            |     1 |       |     2 ||     3
       Scroll            |       |     2 |     6 ||     8
Armor: Ring mail         |    22 |    58 |   110 ||   190
Dodge: Dodged            |    42 |    56 |   119 ||   217

Table legend: (Time is in decaauts)
 A = Elapsed time spent in this place.
 B = Non-inter-level travel time spent in this place.
 C = Inter-level travel time spent in this place.
 D = Time resting spent in this place.
 E = Time spent auto-exploring this place.
 F = Levels seen in this place.
 G = Mean time per level.
                   A        B        C        D        E       F      G
               +--------+--------+--------+--------+--------+-----+--------+
         Total |   5804 |   5708 |     96 |   2368 |   2049 |   8 |  725.5 |
       Dungeon |   5774 |   5678 |     96 |   2368 |   2024 |   7 |  824.9 |
         Abyss |     30 |     30 |      0 |      0 |     25 |   1 |   30.0 |
               +--------+--------+--------+--------+--------+-----+--------+

Top non-repeatable levels by time:
     D:4: 1667 daAuts
     D:5: 1645 daAuts
     D:2: 1454 daAuts
     D:1: 519 daAuts
     D:6: 313 daAuts
     D:3: 165 daAuts
 Abyss:1: 30 daAuts
     D:9: 7 daAuts
